 Dungeon Crawl Stone Soup version 0.28-a0-1356-g2ad6d04315 (webtiles) character file.

Game seed: 12508414186201264398

581 mordus the Magician (level 7, -9/50 HPs)
             Began as a Djinni Ice Elementalist on Dec 30, 2021.
             Killed from afar by a white imp (10 damage)
             ... with a puff of frost
             ... on level 5 of the Dungeon.
             The game lasted 00:14:38 (7158 turns).

mordus the Magician (Djinni Ice Elementalist)       Turns: 7158, Time: 00:14:39

Health: -9/50      AC:  5    Str:  7    XL:     7   Next: 63%
Gold:   230        EV: 12    Int: 19    God:
                   SH:  0    Dex: 17

rFire   + + .      SeeInvis .   d - +0 dagger
rCold   x . .      Faith    .   (no shield)
rNeg    . . .      Spirit   .   n - +2 leather armour of the Lily {rPois rCorr Dex+4}
rPois   ∞          Reflect  .   (no helmet)
rElec   .          Harm     .   (no cloak)
rCorr   +          Rampage  .   (no gloves)
Will    .....                   (boots unavailable)
Stlth   ++........              (no amulet)
HPRegen 0.16/turn               (no ring)
MPRegen 0.00/turn               (no ring)

@: freezing walls, attractive, flying
A: sickness immunity, fire resistance 2, cold vulnerability 1, float, innate
caster, hp casting, extra vitality 1
a: no special abilities


You were on level 5 of the Dungeon.
You visited 1 branch of the dungeon, and saw 5 of its levels.

You collected 230 gold pieces.

Inventory:

Hand Weapons
 d - a +0 dagger (weapon)
Armour
 a - a +0 robe
 n - the +2 leather armour of the Lily (worn) {rPois rCorr Dex+4}
   (You found it on level 3 of the Dungeon)

   Dex:       It affects your dexterity (+4).
   rPois:     It protects you from poison.
   rCorr:     It protects you from acid and corrosion.
Wands
 l - a wand of charming (11)
Scrolls
 b - 5 scrolls of enchant weapon {unknown}
 c - a scroll of fear {unknown}
 e - 2 scrolls of identify {unknown}
 f - a scroll of noise {unknown}
 h - a scroll of immolation {unknown}
 o - a scroll of enchant armour {unknown}
 p - a scroll of holy word {unknown}
Potions
 g - a potion of cancellation {unknown}
 i - a potion of lignification {unknown}
 j - a potion of attraction
 k - a potion of curing {unknown}
 m - a potion of might {unknown}
 q - a potion of degeneration {unknown}


   Skills:
 + Level 3.5 Fighting
 + Level 2.8 Armour
 - Level 3.0 Dodging
 - Level 1.5 Stealth
 * Level 5.3 Spellcasting


You couldn't memorise any spells.
You knew the following spells:

 Your Spells              Type           Power      Damage    Failure   Level
a - Freeze                Ice            100%       1d11      1%          1
b - Frozen Ramparts       Ice            50%        1d7       6%          3
c - Ozocubu's Armour      Ice            25%        N/A       6%          3
d - Hailstorm             Conj/Ice       25%        3d7       19%         4
e - Pain                  Necr           100%       1d9       1%          1
f - Corpse Rot            Necr/Air       50%        N/A       3%          2
g - Gell's Gravitas       Tloc           25%        N/A       6%          3
Your spell library was empty.

Dungeon Overview and Level Annotations

Branches:
Dungeon (5/15)
 Temple: D:4-7

Altars:
Nemelex Xobeh

Shops:
D:3 (

Annotations:
D:5 3 runed translucent doors, pigah's ghost, novice OpWn


Innate Abilities, Weirdness & Mutations

You are immune to sickness and miasma.
You are immune to poison.
Your flesh is very heat resistant. (rF++)
You are vulnerable to cold. (rC-)
You float through the air rather than walking.
You learn spells naturally, not from books.
Your magical power is your life essence.
You have superior vitality. (+4 MHP)


Message History

The puff of frost hits you!
You feel a terrible chill!
You barely miss the white imp.
The white imp is heavily wounded.
The white imp hits you but does no damage.
You hit the white imp but do no damage.
The white imp is heavily wounded.
The white imp barely misses you.
You hit the white imp but do no damage.
The white imp is heavily wounded.
The white imp hits you but does no damage.
Your magical contamination has completely faded away.
You barely miss the white imp.
The white imp is heavily wounded.
The white imp hits you.
* * * LOW HITPOINT WARNING * * *
The white imp freezes you!
You feel a terrible chill!
* * * LOW HITPOINT WARNING * * *
Casting: Ozocubu's Armour (dangerous; 6% risk of failure)
Confirm with . or Enter, or press ? or * to list all spells.
Casting: Frozen Ramparts (dangerous; 6% risk of failure)
Press: ? - help, Dir - look around, f - activate The walls around you are covered in ice.
* * * LOW HITPOINT WARNING * * *
The white imp completely resists.
The wall freezes the white imp but does no damage.
The white imp barely misses you.
You hit the white imp but do no damage.
The white imp is heavily wounded.
The white imp completely resists.
The wall freezes the white imp but does no damage.
The white imp gestures at you. The puff of frost hits you.
You feel a terrible chill!
* * * LOW HITPOINT WARNING * * *
Unknown command.
It was a potion of attraction.
You feel attractive to monsters.
The white imp resists.
The wall freezes the white imp.
The white imp gestures at you. The puff of frost hits you!
You feel a terrible chill!
You die...

.# ###...##..#
#....
#.........#
####
#.#...###.#
#.##†## # #.#
#.# # #.#
.####.##.#
..?...5@.#
..#...........#
......#########
...... #....
#.### .


You could see a white imp.

Vanquished Creatures
  A scorpion (D:4)
  A water moccasin skeleton (D:5)
  A howler monkey (D:5)
  A bullfrog zombie (D:5)
  A hound (D:4)
  3 jellies
  A bullfrog skeleton (D:4)
  Ijyb (D:3)
  2 iguanas
  A hound zombie (D:5)
  2 hound skeletons (D:4)
  A howler monkey skeleton (D:4)
  5 adders
  An ufetubus (D:4)
  An adder skeleton (D:4)
  2 worms
  A dart slug (D:2)
  5 orcs (D:3)
  4 bats
  7 endoplasms
  3 giant cockroaches
  2 goblins
  7 hobgoblins
  4 quokkas
  7 ball pythons
  4 frilled lizards
  5 kobolds
  4 rats
78 creatures vanquished.

Notes
Turn   | Place    | Note
-------+----------+-------------------------------------------
     0 | D:1      | mordus the Djinni Ice Elementalist began the quest for the
                  | Orb.
     0 | D:1      | Reached XP level 1. HP: 15/15 MP: 0/0
   275 | D:1      | Reached XP level 2. HP: 16/22 MP: 0/0
   437 | D:1      | Found a faded altar of an unknown god.
  1270 | D:2      | Reached skill level 1 in Fighting
  1270 | D:2      | Reached XP level 3. HP: 9/27 MP: 0/0
  1270 | D:2      | Learned a level 1 spell: Pain
  2044 | D:2      | Found a sparkling altar of Nemelex Xobeh.
  2147 | D:2      | Reached XP level 4. HP: 18/32 MP: 0/0
  3195 | D:3      | Noticed Ijyb
  3208 | D:3      | Killed Ijyb
  3209 | D:3      | Reached skill level 4 in Spellcasting
  3391 | D:3      | Reached XP level 5. HP: 33/38 MP: 0/0
  3391 | D:3      | Learned a level 2 spell: Corpse Rot
  3595 | D:3      | Identified the +2 leather armour of the Lily {rPois rCorr
                  | Dex+4}
  4114 | D:3      | Found Jiuc Men's Weapon Shoppe.
  4517 | D:4      | Reached skill level 1 in Armour
  4611 | D:4      | Reached XP level 6. HP: 34/45 MP: 0/0
  6100 | D:5      | Entered Level 5 of the Dungeon
  6112 | D:5      | Reached XP level 7. HP: 47/50 MP: 0/0
  6112 | D:5      | Learned a level 3 spell: Gell's Gravitas
  6165 | D:5      | Reached skill level 5 in Spellcasting
  6878 | D:5      | Found a runed translucent gate.
  6878 | D:5      | Found a runed translucent gate.
  6878 | D:5      | Noticed pigah's ghost (novice OpWn)
  6879 | D:5      | Found a runed translucent gate.
  7157 | D:5      | HP: 1/50 [white imp/puff of frost (4)]
  7158 | D:5      | Killed from afar by a white imp

Illustrated notes

Levels and vault maps discovered:
D:1:      erik_arrival_blinker_ship, layout_basic,
          hellmonk_ecumenical_altar_run_dry
D:2:      layout_basic, basic_altar, kennysheep_small_spiral,
          nicolae_elevator_lobby_plus
D:3:      layout_basic, serial_shops, nicolae_diamond_shop,
          chequers_serial_rivers_micro_e, grunt_decor_one_mirror, uniq_ijyb
D:4:      layout_basic
D:5:      layout_loops_ring, ebering_ghost_rock_garden, minmay_fountain_box

Skill      XL: |  1  2  3  4  5  6  7 |
---------------+----------------------+-----
Fighting       | 1 2 3 |  3.5
Dodging        | 3 |  3.0
Spellcasting   | 4 5 |  5.3
Armour         | 1 2 |  2.8
Stealth        | |  1.5

Action                   |  1- 3 |  4- 6 |  7- 9 || total
-------------------------+-------+-------+-------++-------
Melee: Unarmed           |     3 |       |       ||     3
       Dagger            |     4 |   129 |   113 ||   246
 Cast: Freeze            |    46 |    34 |    16 ||    96
       Pain              |     4 |     6 |     3 ||    13
       Ozocubu's Armour  |       |     8 |     3 ||    11
       Frozen Ramparts   |       |     8 |     1 ||     9
  Use: Potion            |       |       |     1 ||     1
 Stab: Sleeping          |       |     1 |       ||     1
Armor: Robe              |    11 |     9 |       ||    20
       Leather armour    |       |    41 |    55 ||    96
Dodge: Dodged            |    20 |    91 |    66 ||   177

Table legend: (Time is in decaauts)
 A = Elapsed time spent in this place.
 B = Non-inter-level travel time spent in this place.
 C = Inter-level travel time spent in this place.
 D = Time resting spent in this place.
 E = Time spent auto-exploring this place.
 F = Levels seen in this place.
 G = Mean time per level.
                   A        B        C        D        E       F      G
               +--------+--------+--------+--------+--------+-----+--------+
         Total |   7156 |   6956 |    200 |   1437 |   4622 |   5 | 1431.2 |
       Dungeon |   7156 |   6956 |    200 |   1437 |   4622 |   5 | 1431.2 |
               +--------+--------+--------+--------+--------+-----+--------+

Top non-repeatable levels by time:
     D:2: 1765 daAuts
     D:4: 1612 daAuts
     D:3: 1462 daAuts
     D:1: 1257 daAuts
     D:5: 1057 daAuts
